 Dungeon Crawl Stone Soup version 0.29-a0-613-gf2c431b9b9 (webtiles) character file.

Game seed: 1016576790496509104

10298 greasedhog the Thaumaturge (level 11, 0/86 HPs)
             Began as a Gnoll Warper on June 16, 2022.
             Slain by a yak (2 damage)
             ... in an ice cave.
             The game lasted 00:32:00 (14761 turns).

greasedhog the Thaumaturge (Gnoll Warper)          Turns: 14761, Time: 00:32:00

Health: 0/86       AC:  9    Str: 13    XL:     11   Next: 59%
Magic:  3/7        EV: 16    Int: 17    God:
Gold:   823        SH:  5    Dex: 19    Spells: 13/26 levels left

rFire   . . .      SeeInvis .   y - +9 halberd "Icoarch" {antimagic, *Rage rC+ Int+3 Dex+7}
rCold   + + .      Faith    .   (shield currently unavailable)
rNeg    . . .      Spirit   .   b - +0 leather armour
rPois   .          Reflect  +   K - +0 helmet
rElec   .          Harm     .   M - +0 cloak
rCorr   .          Rampage  .   F - +0 pair of gloves
Will    +....      Rage     20% (no boots)
Stlth   +++.......              l - amulet of reflection
HPRegen 0.24/turn               q - ring of protection from cold
MPRegen 0.10/turn               m - ring of flight

@: on berserk cooldown, flying
A: fangs 1, strong nose, distributed training, talons 1, iridescent scales 1,
strong-willed 1
a: no special abilities


You were in an ice cave.
You visited 3 branches of the dungeon, and saw 13 of its levels.
You also visited: Ice Cave.

You collected 823 gold pieces.

Inventory:

Hand Weapons
 o - the +3 woodcutter's axe {vorpal}
   (You found it on level 2 of the Dungeon)

   It inflicts extra damage upon your enemies.
 y - the +9 halberd "Icoarch" (weapon) {antimagic, *Rage rC+ Int+3 Dex+7}
   (You found it on level 8 of the Dungeon)

   It reduces the magical energy of the wielder, and disrupts the spells and
   magical abilities of those it strikes.
   Natural abilities and divine invocations are not affected.
   Int:       It affects your intelligence (+3).
   Dex:       It affects your dexterity (+7).
   rC:        It protects you from cold.
   *Rage:     It berserks you when you make melee attacks (+20% chance).
 A - the +5 hand axe "Sawasei" {freeze, Int+2 SInv}
   (You found it on level 6 of the Dungeon)

   It freezes those it strikes, dealing additional cold damage.
   It can also slow down cold-blooded creatures.
   Int:       It affects your intelligence (+2).
   SInv:      It lets you see invisible.
Armour
 b - a +0 leather armour (worn)
 F - a +0 pair of gloves (worn)
 K - a +0 helmet (worn)
 M - a +0 cloak (worn)
Magical Staves
 e - a staff of conjuration
Jewellery
 l - an amulet of reflection (around neck)
 m - a ring of flight (right hand)
 q - a ring of protection from cold (left hand)
 z - a ring of magical power
 D - a ring of fire
 N - a ring of wizardry
Wands
 c - a wand of digging (4)
 v - a wand of flame (37)
 C - a wand of acid (15)
 G - a wand of iceblast (2)
 I - a wand of charming (3)
Scrolls
 d - 3 scrolls of enchant weapon
 k - a scroll of poison
 p - 5 scrolls of teleportation
 s - 2 scrolls of vulnerability
 x - a scroll of amnesia
 B - a scroll of immolation
 H - a scroll of brand weapon {unknown}
 J - a scroll of magic mapping {unknown}
 L - 3 scrolls of enchant armour
Potions
 a - a potion of invisibility {unknown}
 f - a potion of flight
 g - 2 potions of lignification
 h - a potion of resistance
 i - 3 potions of heal wounds
 j - 2 potions of haste {unknown}
 n - 4 potions of curing
 r - a potion of cancellation {unknown}
 t - 3 potions of degeneration
 u - 5 potions of mutation
 w - a potion of attraction
 E - 2 potions of brilliance {unknown}


   Skills:
 + Level 8.0 Fighting
 + Level 6.4 Short Blades
 + Level 6.4 Long Blades
 + Level 6.4 Axes
 + Level 6.4 Maces & Flails
 + Level 8.0 Polearms
 + Level 6.4 Staves
 + Level 6.4 Slings
 + Level 6.4 Bows
 + Level 6.4 Crossbows
 + Level 7.0 Throwing
 + Level 7.0 Armour
 + Level 8.0 Dodging
 + Level 6.4 Stealth
 + Level 6.4 Shields
 + Level 6.4 Unarmed Combat
 + Level 8.2 Spellcasting
 + Level 5.3 Conjurations
 + Level 5.3 Hexes
 + Level 5.3 Summonings
 + Level 5.3 Necromancy
 + Level 7.7 Translocations
 + Level 5.3 Transmutations
 + Level 5.3 Fire Magic
 + Level 5.3 Ice Magic
 + Level 5.3 Air Magic
 + Level 5.3 Earth Magic
 + Level 5.3 Poison Magic
 + Level 7.1 Invocations
 + Level 6.4 Evocations


You had 13 spell levels left.
You knew the following spells:

 Your Spells              Type           Power      Damage    Failure   Level
a - Blink                 Tloc           66%        N/A       1%          2
b - Gell's Gravitas       Tloc           33%        N/A       1%          3
c - Teleport Other        Tloc           33%        N/A       1%          3
d - Manifold Assault      Tloc           33%        N/A       14%         5

Your spell library contained the following spells:

 Spells                   Type           Power      Damage    Failure   Level
 Sublimation of Blood     Necr           25%        N/A       1%          2
 Wereblood                Tmut           25%        N/A       1%          2
 Lesser Beckoning         Tloc           33%        N/A       1%          3
 Conjure Flame            Conj/Fire      25%        6-21      4%          3
 Ignite Poison            Fire/Tmut/Pois 25%        N/A       4%          3
 Sticky Flame             Conj/Fire      25%        2d5       14%         4
 Summon Hydra             Summ           12%        N/A       100%        7


Dungeon Overview and Level Annotations

Branches:
Dungeon (11/15)            Temple (1/1) D:4            Lair (1/6) D:10
    Orc (0/2) D:11          IceCv (1/1)

Altars:
Ashenzari
Cheibriados
Dithmenos
Elyvilon
Fedhas
Gozag
Hepliaklqana
Kikubaaqudgha
Makhleb
Nemelex Xobeh
Okawaru
Qazlal
Ru
Sif Muna
Trog
Uskayaw
Vehumet
Wu Jian
Xom
Yredelemnul
Zin
The Shining One

Annotations:
D:3 2 transporters, zeratav's ghost, weakling OpVM
D:10 1 runed translucent door, cryingnoob's ghost, journeyman MeVM


Innate Abilities, Weirdness & Mutations

You have very sharp teeth.
Your uncanny sense of smell can sniff out nearby items.
Your experience applies equally to all skills.
You have sharp toenails.
You are partially covered in iridescent scales. (AC +2)
You are strong-willed. (Will+)


Message History

The yak gores you but does no damage. The yak barely misses you.
The yak closely misses you. The yak gores you.
You slash the yak! Your kick misses the yak.
The yak is almost dead.
The yak closely misses you. The yak misses you. The yak closely misses you. x2
You block the yak's attack. The yak misses you.
You hit the yak. You claw the yak.
The yak is almost dead.
The yak misses you. The yak gores you. The yak misses you.
You slash the yak!
You kill the yak!
The yak gores you! x2; The yak misses you.
The polar bear bites you! You block the polar bear's attack.
The polar bear claws you. The yak completely misses you.
It was a potion of flight.
You feel more buoyant. The polar bear bites you!
* * * LOW HITPOINT WARNING * * *
The polar bear barely misses you. The polar bear claws you.
* * * LOW HITPOINT WARNING * * *
The yak misses you. The yak closely misses you.
It was a potion of heal wounds.
You feel much better.
You feel yourself speed up. The polar bear bites you!
The polar bear misses you. The polar bear closely misses you.
The yak gores you.
The yak closely misses you. x2; The polar bear bites you!
* * * LOW HITPOINT WARNING * * *
The polar bear claws you.
* * * LOW HITPOINT WARNING * * *
The polar bear closely misses you. The yak gores you!
* * * LOW HITPOINT WARNING * * *
You puncture the polar bear!
You claw the polar bear, but do no damage.
The polar bear is moderately wounded.
The polar bear barely misses you. The polar bear claws you.
* * * LOW HITPOINT WARNING * * *
The polar bear misses you. The yak gores you!
* * * LOW HITPOINT WARNING * * *
The yak gores you.
You die...

#Y..#
##...
#...#
##...##
##.....##
#...∩...#
#.......#
##YhY..##
##@..##
#####


You could see a polar bear and 2 yaks.

Vanquished Creatures
  A two-headed ogre (D:8)
  Pikel (D:6)
  Maurice (D:10)
  A cane toad (Lair:1)
  2 komodo dragons (Lair:1)
  3 trolls
  A wraith (D:7)
  A vampire (D:10)
  A wyvern (D:8)
  14 yaks
  A steam dragon (D:9)
  4 vampire mosquitoes (D:10)
  A water moccasin (D:6)
  An ice beast (D:6)
  A black bear (D:7)
  An orc warrior (D:8)
  A sky beast (D:6)
  4 phantoms
  6 kobold brigands
  2 centaurs
  5 bullfrogs
  A gnoll sergeant (D:7)
  4 scorpions
  4 necrophages
  14 wights
  A troll zombie (D:11)
  8 killer bees (D:9)
  An electric eel (D:8)
  3 howler monkeys
  3 jellies
  2 orc priests
  A hound (D:5)
  4 iguanas
  5 orc wizards
  4 ogre zombies (D:11)
  5 gnolls (D:7)
  10 adders
  2 shadow imps
  14 white imps
  An ufetubus (D:5)
  2 worms
  3 dart slugs
  15 orcs
  5 ball pythons
  10 endoplasms
  A giant cockroach (D:1)
  5 goblins
  6 hobgoblins
  7 jackals
  32 kobolds
  A quokka (D:1)
  4 bats
  2 frilled lizards
  A goblin skeleton (D:11)
  A hobgoblin skeleton (D:11)
  2 hobgoblin zombies (D:11)
  3 orc skeletons (D:11)
  9 orc zombies (D:11)
  3 rats
252 creatures vanquished.

Vanquished Creatures (others)
  5 dream sheep (D:7)
  5 fungi
  11 plants
21 creatures vanquished.

Grand Total: 273 creatures vanquished

Notes
Turn   | Place    | Note
-------+----------+-------------------------------------------
     0 | D:1      | greasedhog the Gnoll Warper began the quest for the Orb.
     0 | D:1      | Reached XP level 1. HP: 20/20 MP: 6/6
    79 | D:1      | Reached XP level 2. HP: 22/26 MP: 7/7
   118 | D:1      | Found a faded altar of an unknown god.
   334 | D:1      | Reached XP level 3. HP: 27/31 MP: 9/9
   495 | D:1      | Reached skill level 5 in Spellcasting
   607 | D:1      | Learned a level 2 spell: Blink
   611 | D:1      | Learned a level 3 spell: Gell's Gravitas
   615 | D:1      | Learned a level 3 spell: Teleport Other
   924 | D:2      | Reached skill level 1 in Invocations
  1097 | D:2      | Reached skill level 1 in Short Blades
  1097 | D:2      | Reached skill level 1 in Long Blades
  1097 | D:2      | Reached skill level 1 in Axes
  1097 | D:2      | Reached skill level 1 in Maces & Flails
  1097 | D:2      | Reached skill level 1 in Staves
  1097 | D:2      | Reached skill level 1 in Slings
  1097 | D:2      | Reached skill level 1 in Bows
  1097 | D:2      | Reached skill level 1 in Crossbows
  1097 | D:2      | Reached skill level 1 in Stealth
  1097 | D:2      | Reached skill level 1 in Shields
  1097 | D:2      | Reached skill level 1 in Unarmed Combat
  1097 | D:2      | Reached skill level 1 in Evocations
  1129 | D:2      | Reached XP level 4. HP: 23/38 MP: 11/11
  1376 | D:2      | Found the +3 woodcutter's axe {vorpal}
  1430 | D:2      | Reached skill level 1 in Conjurations
  1430 | D:2      | Reached skill level 1 in Hexes
  1430 | D:2      | Reached skill level 1 in Summonings
  1430 | D:2      | Reached skill level 1 in Necromancy
  1430 | D:2      | Reached skill level 1 in Transmutations
  1430 | D:2      | Reached skill level 1 in Fire Magic
  1430 | D:2      | Reached skill level 1 in Ice Magic
  1430 | D:2      | Reached skill level 1 in Air Magic
  1430 | D:2      | Reached skill level 1 in Earth Magic
  1430 | D:2      | Reached skill level 1 in Poison Magic
  1640 | D:2      | Found a white marble altar of Elyvilon.
  2255 | D:3      | Found a snail-covered altar of Cheibriados.
  2588 | D:3      | Found a transporter.
  2589 | D:3      | Found a transporter.
  2589 | D:3      | Noticed zeratav's ghost (weakling OpVM)
  2670 | D:4      | Found a sparkling altar of Nemelex Xobeh.
  2685 | D:4      | Noticed a phantom
  2716 | D:4      | Killed a phantom
  2717 | D:4      | Reached XP level 5. HP: 17/43 MP: 7/12
  2789 | D:4      | Found a staircase to the Ecumenical Temple.
  2820 | D:4      | Found an ancient bone altar of Kikubaaqudgha.
  3288 | D:4      | Noticed an orc warrior
  3447 | Temple   | Entered the Ecumenical Temple
  3708 | D:4      | Found a broken altar of Ashenzari.
  3708 | D:4      | Found a hazy altar of Hepliaklqana.
  3994 | D:4      | Found a blossoming altar of Fedhas.
  4059 | D:4      | Reached XP level 6. HP: 29/50 MP: 13/13
  4495 | D:5      | Entered Level 5 of the Dungeon
  4564 | D:5      | Reached skill level 5 in Fighting
  4564 | D:5      | Reached skill level 5 in Polearms
  4564 | D:5      | Reached skill level 5 in Dodging
  4794 | D:5      | Reached XP level 7. HP: 34/56 MP: 3/15
  4800 | D:5      | Learned a level 5 spell: Manifold Assault
  5408 | D:6      | Identified the +5 hand axe "Sawasei" {freeze, Int+2 SInv}
  5879 | D:6      | Reached XP level 8. HP: 39/63 MP: 16/16
  6315 | D:6      | Noticed Pikel
  6332 | D:6      | Killed Pikel
  6501 | D:6      | Reached XP level 9. HP: 57/69 MP: 18/18
  6866 | D:6      | Found an opulent altar of Gozag.
  7234 | D:6      | Upgraded the game from 0.29-a0-598-gd8304a5bf4 to
                  | 0.29-a0-613-gf2c431b9b9
  7402 | D:6      | HP: 2/49 [wight/+0 spear (1)]
  7883 | D:6      | Reached skill level 5 in Throwing
  7883 | D:6      | Reached skill level 5 in Armour
  8526 | D:7      | Found a basalt altar of Yredelemnul.
  8875 | D:7      | Reached skill level 5 in Invocations
  9290 | D:7      | Found a shimmering altar of Xom.
  9838 | D:7      | Reached XP level 10. HP: 18/77 MP: 8/20
  9840 | D:7      | HP: 2/75 [wight/+1 flail (4)]
  9842 | D:7      | Gained mutation: You are partially covered in iridescent
                  | scales. (AC +2) [potion of mutation]
  9842 | D:7      | Gained mutation: You have sharp toenails. [potion of
                  | mutation]
  9842 | D:7      | Gained mutation: You are strong-willed. (Will+) [potion of
                  | mutation]
 10367 | D:8      | Identified the +9 halberd "Icoarch" {antimagic, *Rage rC+
                  | Int+3 Dex+7}
 10373 | D:8      | Found a stormy altar of Qazlal.
 10410 | D:8      | Found a flagged portal.
 10486 | D:8      | Reached skill level 5 in Short Blades
 10486 | D:8      | Reached skill level 5 in Long Blades
 10486 | D:8      | Reached skill level 5 in Axes
 10486 | D:8      | Reached skill level 5 in Maces & Flails
 10486 | D:8      | Reached skill level 5 in Staves
 10486 | D:8      | Reached skill level 5 in Slings
 10486 | D:8      | Reached skill level 5 in Bows
 10486 | D:8      | Reached skill level 5 in Crossbows
 10486 | D:8      | Reached skill level 5 in Stealth
 10486 | D:8      | Reached skill level 5 in Shields
 10486 | D:8      | Reached skill level 5 in Unarmed Combat
 10486 | D:8      | Reached skill level 5 in Evocations
 10666 | D:8      | Found a white marble altar of Elyvilon.
 11074 | D:8      | Noticed a two-headed ogre
 11081 | D:8      | Killed a two-headed ogre
 11261 | D:8      | Found a shimmering blue altar of Sif Muna.
 12149 | D:10     | Entered Level 10 of the Dungeon
 12445 | D:10     | Reached XP level 11. HP: 84/84 MP: 10/22
 13147 | D:10     | Found a staircase to the Lair.
 13219 | D:10     | Noticed Maurice
 13236 | D:10     | Killed Maurice
 13237 | D:10     | Reached skill level 5 in Conjurations
 13237 | D:10     | Reached skill level 5 in Hexes
 13237 | D:10     | Reached skill level 5 in Summonings
 13237 | D:10     | Reached skill level 5 in Necromancy
 13237 | D:10     | Reached skill level 5 in Transmutations
 13237 | D:10     | Reached skill level 5 in Fire Magic
 13237 | D:10     | Reached skill level 5 in Ice Magic
 13237 | D:10     | Reached skill level 5 in Air Magic
 13237 | D:10     | Reached skill level 5 in Earth Magic
 13237 | D:10     | Reached skill level 5 in Poison Magic
 13425 | D:10     | Found a runed translucent door.
 13428 | D:10     | Noticed cryingnoob's ghost (journeyman MeVM)
 13429 | D:10     | Identified the +9 trident of Ash {freeze, *Corrode Fly
                  | rPois Stlth+}
 13431 | D:10     | Noticed a spriggan rider
 13685 | D:11     | Noticed a skeletal warrior
 14015 | D:11     | Found a staircase to the Orcish Mines.
 14065 | D:11     | Noticed a skeletal warrior
 14230 | Lair:1   | Entered Level 1 of the Lair of Beasts
 14715 | Lair:1   | Found a frozen archway.
 14745 | IceCv    | Entered an ice cave
 14761 | IceCv    | HP: 2/86 [yak (8)]
 14761 | IceCv    | Slain by a yak

Illustrated notes

Levels and vault maps discovered:
D:1:      amcnicky_arrival_gap_in_the_tavern_cellar, layout_loops_ring,
          shapermc_ecumenical_altar_mp_ritualfount
D:2:      layout_loops_cross, basic_altar
D:3:      layout_loops_ring, mainiacjoe_overflow_paths, gammafunk_ghost_arena
D:4:      layout_rooms, nicolae_kikubaaqudgha_miasma_corner, old_standard_altar,
          kennysheep_little_box, gammafunk_temple_overflow_wave,
          minmay_temple_entry_slanted, serial_co_window_serial,
          co_window_of_opportunity_a, co_window_paths_a, co_window_paths_b,
          co_window_corner_a, co_window_paths_b, co_window_paths_b,
          co_window_of_opportunity_b, co_window_broadway_b, co_window_corner_cb,
          co_window_unsneaky_path_a, co_window_cross_2,
          co_window_of_opportunity_b, co_window_unsneaky_path_b,
          glass_columns_b, nicolae_ossuary_entry_ruins, lightli_corner_chamber
D:5:      layout_gridville
D:6:      layout_loops_ring, marbit_many_paths, nrook_mini_vaults, uniq_pikel
D:7:      layout_basic, kb_xom_exploding_sheep, mainiacjoe_overflow_alcove_1
D:8:      layout_rooms, nicolae_qazlal_scattered_showers, lemuel_blue_sif_altar,
          nicolae_elyvilon_temple_path, enter_bailey_8
D:9:      layout_rooms, bh_walls_and_bars
D:10:     layout_irregular_city, lair_entry_dummy, ebering_ghost_funeral_grove,
          uniq_maurice
D:11:     layout_long_grid, zombieorc1_lemuel, nicolae_water_bricks
Temple:   chequers_temple_sunken
Lair:1:   layout_misc_corridors, portal_ice_cave_entry_imps, uniq_joseph
IceCv:    ice_cave_small_giant

Skill      XL: |  1  2  3  4  5  6  7  8  9 10 11 |
---------------+----------------------------------+-----
Spellcasting   | 5 6 7 8 |  8.2
Invocations    | 1 2 3 4 5 6 7 |  7.1
Short Blades   | 1 2 3 4 5 6 |  6.4
Long Blades    | 1 2 3 4 5 6 |  6.4
Axes           | 1 2 3 4 5 6 |  6.4
Maces & Flails | 1 2 3 4 5 6 |  6.4
Staves         | 1 2 3 4 5 6 |  6.4
Slings         | 1 2 3 4 5 6 |  6.4
Bows           | 1 2 3 4 5 6 |  6.4
Crossbows      | 1 2 3 4 5 6 |  6.4
Stealth        | 1 2 3 4 5 6 |  6.4
Shields        | 1 2 3 4 5 6 |  6.4
Unarmed Combat | 1 2 3 4 5 6 |  6.4
Evocations     | 1 2 3 4 5 6 |  6.4
Conjurations   | 1 2 3 4 5 |  5.3
Hexes          | 1 2 3 4 5 |  5.3
Summonings     | 1 2 3 4 5 |  5.3
Necromancy     | 1 2 3 4 5 |  5.3
Transmutations | 1 2 3 4 5 |  5.3
Fire Magic     | 1 2 3 4 5 |  5.3
Ice Magic      | 1 2 3 4 5 |  5.3
Air Magic      | 1 2 3 4 5 |  5.3
Earth Magic    | 1 2 3 4 5 |  5.3
Poison Magic   | 1 2 3 4 5 |  5.3
Throwing       | 3 4 5 6 7 |  7.0
Armour         | 3 4 5 6 7 |  7.0
Fighting       | 5 6 7 8 |  8.0
Polearms       | 5 6 7 8 |  8.0
Dodging        | 5 6 7 8 |  8.0
Translocations | 6 7 |  7.7

Action                   |  1- 3 |  4- 6 |  7- 9 | 10-12 || total
-------------------------+-------+-------+-------+-------++-------
Melee: Spear             |   110 |    29 |       |       ||   139
       Bite              |     7 |    15 |    28 |    28 ||    78
       Punch             |     1 |     1 |     4 |       ||     6
       Battleaxe         |       |   116 |    33 |       ||   149
       Hand axe          |       |       |   200 |    10 ||   210
       Halberd           |       |       |       |   252 ||   252
       Kick              |       |       |       |    74 ||    74
Throw: Boomerang         |       |     7 |       |       ||     7
 Cast: Gell's Gravitas   |       |    10 |    51 |     9 ||    70
       Teleport Other    |       |       |     3 |     2 ||     5
       Blink             |       |       |     1 |     3 ||     4
       Manifold Assault  |       |       |       |     2 ||     2
Evoke: Wand              |       |       |     4 |     4 ||     8
  Use: Scroll            |       |     4 |     3 |     4 ||    11
       Potion            |       |       |     1 |     7 ||     8
 Stab: Sleeping          |     3 |     3 |     2 |     8 ||    16
Armor: Leather armour    |    16 |    20 |    32 |    39 ||   107
       Skin              |       |       |     6 |       ||     6
Dodge: Dodged            |    28 |    72 |   131 |   162 ||   393
Block: Other             |     3 |    32 |    46 |    35 ||   116
       Reflection        |       |       |       |     2 ||     2

Table legend: (Time is in decaauts)
 A = Elapsed time spent in this place.
 B = Non-inter-level travel time spent in this place.
 C = Inter-level travel time spent in this place.
 D = Time resting spent in this place.
 E = Time spent auto-exploring this place.
 F = Levels seen in this place.
 G = Mean time per level.
                   A        B        C        D        E       F      G
               +--------+--------+--------+--------+--------+-----+--------+
         Total |  15031 |  14586 |    445 |   2893 |   9381 |  14 | 1073.6 |
       Dungeon |  14222 |  13777 |    445 |   2811 |   8878 |  11 | 1292.9 |
        Temple |    246 |    246 |      0 |      0 |    203 |   1 |  246.0 |
          Lair |    537 |    537 |      0 |     82 |    299 |   1 |  537.0 |
      Ice Cave |     24 |     24 |      0 |      0 |      0 |   1 |   24.0 |
               +--------+--------+--------+--------+--------+-----+--------+

Top non-repeatable levels by time:
     D:6: 2840 daAuts
     D:7: 1968 daAuts
     D:4: 1629 daAuts
    D:10: 1596 daAuts
     D:8: 1349 daAuts
     D:2: 1042 daAuts
     D:5: 893 daAuts
     D:1: 870 daAuts
     D:3: 730 daAuts
     D:9: 717 daAuts
    D:11: 583 daAuts
  Lair:1: 537 daAuts
  Temple: 246 daAuts
   IceCv: 24 daAuts
